Map: Ever Dream LE

Players

SKillous

  • Race: Protoss Protoss
  • League: Grandmaster
  • Spawn Location: 7:00

Lambo - Winner!

  • Race: Zerg Zerg
  • League: Grandmaster
  • Spawn Location: 1:00

Event: StayAtHomestory Cup #1

VOD

Have the link to the VOD?

Description

Time

  • Played on: April 10, 2020, 11:51 a.m.
  • Length: 14:26

All games in this series

Show
View Real Time Build Order
Export as new Build Order

SKillous Protoss 

Build Orders: 1 Gate Expand, Oracle Opening, Archon Immortal 

Get SALT Encoding   

  12  0:00  Probe  
  13  0:12  Probe  
  14  0:18  Pylon  
  14  0:24  Probe  
  15  0:28  Assimilator  
  15  0:37  Probe (Chrono Boost)  
  16  0:43  Gateway  
  16  0:46  Probe (Chrono Boost)  
  17  0:53  Probe  
  18  1:05  Probe  
  19  1:17  Probe  
  20  1:23  Nexus  
  20  1:32  Cybernetics Core  
  20  1:36  Probe  
  21  1:41  Assimilator  
  21  1:49  Probe  
  21  1:50  Pylon  
  22  2:01  Probe  
  23  2:06  Adept (Chrono Boost)  
  23  2:13  Probe, Stargate  
  26  2:21  Warp Gate  
  26  2:25  Probe (Chrono Boost)  
  26  2:28  Stalker  
  31  2:37  Probe x2 (Chrono Boost)  
  33  2:44  Probe (Chrono Boost)  
  33  2:45  Probe (Chrono Boost)  
  33  2:50  Probe (Chrono Boost)  
  33  2:51  Probe  
  35  2:58  Oracle (Chrono Boost)  
  35  3:02  Probe  
  35  3:03  Probe  
  40  3:09  Pylon  
  40  3:14  Probe  
  40  3:15  Probe  
  42  3:23  Gateway  
  42  3:26  Probe, Oracle (Chrono Boost)  
  43  3:28  Probe  
  47  3:36  Assimilator  
  47  3:38  Probe  
  47  3:40  Probe  
  47  3:41  Assimilator  
  49  3:45  Pylon  
  49  3:50  Probe  
  49  3:52  Probe  
  49  3:53  Pylon  
  49  3:54  Robotics Facility  
  51  4:02  Probe  
  52  4:04  Probe  
  52  4:05  Pylon  
  53  4:14  Probe  
  53  4:16  Probe  
  55  4:18  Adept x2  
  59  4:26  Probe, Forge, Twilight Council  
  59  4:28  Probe  
  61  4:39  Nexus  
  61  4:41  Pylon  
  61  4:44  Probe x2, Observer (Chrono Boost)  
  64  4:49  Phoenix  
  66  4:54  Sentry x2  
  66  4:56  Probe  
  66  4:57  Probe  
  72  5:00  Immortal (Chrono Boost)  
  72  5:03  Protoss Ground Weapons Level 1 (Chrono Boost)  
  76  5:10  Probe x2  
  76  5:12  Charge  
  74  5:23  Probe, Gateway  
  74  5:24  Probe, Gateway  
  76  5:30  Pylon  
  76  5:35  Probe  
  77  5:36  Immortal (Chrono Boost)  
  77  5:41  Probe  
  82  5:46  Templar Archives  
  82  5:51  Probe  
  82  5:52  Probe  
  82  5:54  Probe  
  82  5:55  Gateway  
  85  6:01  Gateway  
  85  6:03  Probe  
  86  6:04  Probe  
  86  6:08  Immortal (Chrono Boost)  
  92  6:14  Assimilator  
  91  6:21  Zealot  
  91  6:22  Shield Battery  
  91  6:23  Shield Battery  
  93  6:26  Shield Battery  
  93  6:27  High Templar  
  93  6:29  Probe x3  
  93  6:30  High Templar  
  100  6:35  Assimilator  
  100  6:36  Warp Prism (Chrono Boost)  
  100  6:37  Pylon  
  100  6:38  Archon  
  102  6:41  Probe  
  103  6:47  Probe  
  104  6:56  Pylon  
  104  6:58  Pylon  
  104  7:00  Pylon, Zealot x2  
  104  7:01  Zealot x2  
  112  7:03  Pylon  
  112  7:08  High Templar  
  112  7:09  High Templar  
  112  7:13  Archon, Warp Prism (Chrono Boost)  
  112  7:15  Pylon  
  118  7:17  Pylon  
  118  7:22  High Templar x3  
  122  7:23  High Templar  
  122  7:27  Archon x2  
  126  7:30  Pylon  
  126  7:41  Gateway  
  126  7:44  Gateway  
  126  7:45  Gateway, Shield Battery x2  
  126  7:46  Zealot x2  
  126  7:47  Gateway, Shield Battery  
  126  7:48  Immortal (Chrono Boost)  
  126  7:49  Pylon  
  122  8:00  Protoss Ground Weapons Level 2 (Chrono Boost)  
  122  8:03  Zealot  
  118  8:09  High Templar x2  
  118  8:11  Probe  
  123  8:14  Archon  
  123  8:15  Zealot x2  
  123  8:18  Immortal (Chrono Boost)  
  131  8:20  Gateway  
  131  8:23  Gateway  
  131  8:32  Zealot x2  
  122  8:43  Zealot x3  
  117  8:51  High Templar x4  
  117  8:53  Immortal (Chrono Boost)  
  129  8:56  Archon x2  
  129  9:01  Zealot x3  
  135  9:12  Zealot x3  
  129  9:26  Zealot x2  
  129  9:31  Zealot x7  
  131  9:32  Immortal (Chrono Boost)  
  131  9:35  Observer  
  137  9:50  High Templar x4  
  137  9:51  Zealot x3  
  137  9:52  Zealot x5  
  157  9:54  Pylon x2  
  157  9:55  Archon x2  
  157  10:08  Immortal (Chrono Boost)  
  121  10:24  Zealot x2  
  121  10:25  Zealot x5  
  127  10:35  High Templar x2  
  131  10:36  Zealot  
  131  10:41  Archon, Immortal (Chrono Boost)  
  137  10:42  Zealot  
  137  10:45  High Templar x3  
  137  10:46  High Templar, Sentry  
  137  10:47  Zealot x3  
  155  10:50  Archon x2  
  153  10:58  Blink (Chrono Boost)  
  127  11:16  Stalker x8  
  143  11:23  Stalker  
  143  11:24  Stalker  
  147  11:33  Stalker x2  
  147  11:39  Stalker x3  
  157  11:42  Zealot x4  
  145  12:14  Stalker x10  
  159  12:18  Stalker  
  109  12:52  Stalker x2  
  109  12:53  Stalker x5  
  99  12:58  Stalker  
  99  12:59  Stalker x4  
  97  13:17  Stalker x5  
  97  13:18  Stalker  
  95  13:31  Stalker x4  
  101  13:52  Stalker x6  
  95  14:12  Stalker x4  
Show
View Real Time Build Order
Export as new Build Order

Lambo Zerg - Winner!

Build Orders: Hatch First, Swarm Host 

Get SALT Encoding   

  12  0:01  Drone  
  13  0:12  Overlord  
  13  0:17  Drone  
  14  0:31  Drone x2  
  16  0:47  Hatchery  
  15  0:51  Drone  
  15  0:54  Drone  
  17  0:58  Drone  
  18  1:08  Extractor  
  17  1:13  Spawning Pool  
  17  1:16  Drone  
  17  1:20  Drone  
  18  1:28  Drone  
  19  1:39  Drone  
  20  1:51  Overlord  
  20  1:59  Queen x2  
  20  2:00  Zergling x4  
  26  2:10  Drone  
  26  2:11  Drone  
  28  2:21  Drone  
  29  2:28  Drone  
  30  2:34  Hatchery  
  30  2:35  Drone, Pneumatized Carapace  
  30  2:42  Drone  
  30  2:43  Drone  
  32  2:47  Overlord  
  32  2:52  Queen  
  32  2:57  Drone x2  
  36  3:06  Drone x2  
  36  3:09  Drone  
  36  3:10  Drone x2  
  41  3:14  Overlord  
  41  3:18  Drone, Metabolic Boost  
  42  3:28  Queen  
  42  3:33  Spore Crawler  
  43  3:35  Spore Crawler  
  43  3:36  Drone x3  
  45  3:42  Overlord  
  45  3:44  Drone x3  
  48  3:49  Queen  
  48  3:53  Overlord  
  48  3:55  Drone  
  51  3:59  Zergling x4  
  51  4:00  Zergling x2  
  54  4:06  Drone x3  
  57  4:12  Spore Crawler, Overlord  
  57  4:15  Drone x2  
  58  4:17  Drone  
  58  4:21  Lair  
  59  4:25  Drone x3  
  59  4:27  Overlord  
  62  4:32  Extractor  
  62  4:34  Extractor, Overlord  
  62  4:35  Drone x2  
  64  4:38  Drone x2  
  64  4:43  Roach Warren  
  64  4:45  Drone x2  
  65  4:46  Drone  
  65  4:47  Drone  
  65  4:51  Drone x3  
  70  4:53  Drone x2  
  70  4:57  Drone x2  
  70  4:59  Evolution Chamber  
  73  5:00  Drone  
  73  5:01  Drone  
  73  5:03  Drone  
  76  5:10  Drone x4  
  79  5:14  Drone x3  
  79  5:15  Extractor  
  79  5:18  Extractor  
  79  5:19  Extractor, Drone x2  
  79  5:20  Drone  
  82  5:24  Infestation Pit  
  82  5:25  Overlord  
  81  5:29  Queen  
  81  5:32  Drone x3  
  86  5:38  Zerg Missile Weapons Level 1  
  86  5:41  Overlord  
  86  5:43  Hatchery  
  86  5:46  Roach x3  
  91  5:51  Roach x3  
  97  5:59  Roach x4  
  105  6:06  Overlord  
  105  6:07  Overlord  
  105  6:08  Overlord  
  105  6:11  Overlord x2  
  105  6:19  Overlord  
  105  6:22  Overlord  
  105  6:25  Swarm Host x5  
  105  6:32  Swarm Host x4  
  120  6:37  Swarm Host x2  
  120  6:38  Overlord  
  138  6:43  Swarm Host x2  
  138  6:46  Unknown  
  142  6:48  Swarm Host, Overlord  
  142  6:49  Ravager  
  146  6:58  Swarm Host, Ravager  
  150  7:01  Swarm Host  
  150  7:06  Queen  
  150  7:08  Drone x2  
  157  7:10  Roach  
  157  7:11  Roach x5  
  157  7:12  Overlord  
  169  7:15  Swarm Host  
  172  7:23  Zergling x8, Roach x4  
  172  7:29  Overlord  
  184  7:33  Overlord  
  183  7:41  Overlord  
  183  7:42  Roach x4  
  191  7:53  Roach x4  
  200  7:58  Glial Reconstitution  
  199  8:07  Ravager  
  199  8:08  Ravager x7  
  196  8:40  Roach x3  
  197  8:50  Hive  
  197  8:52  Spire  
  196  8:56  Ravager x2  
  198  9:04  Zerg Missile Weapons Level 2  
  196  9:12  Ravager  
  197  9:21  Roach  
  197  9:22  Roach x4  
  194  9:25  Roach x2  
  194  9:28  Roach x2  
  194  9:37  Roach x7  
  194  9:50  Ravager  
  194  9:52  Overlord  
  194  9:53  Overlord  
  194  9:55  Overseer  
  194  10:01  Evolution Chamber  
  189  10:14  Roach x5  
  189  10:20  Roach x2  
  197  10:23  Greater Spire  
  197  10:27  Roach x11  
  199  11:04  Corruptor  
  199  11:10  Roach  
  199  11:11  Roach x12  
  197  11:15  Roach x5  
  200  11:50  Ravager x2  
  200  11:53  Overlord x2  
  198  11:59  Overlord  
  198  12:07  Roach x3  
  190  12:10  Zergling x12  
  190  12:22  Ravager x10  
  200  12:29  Hatchery  
  196  12:31  Roach x2  
  196  12:35  Roach x3  
  198  12:38  Hydralisk Den  
  198  12:39  Roach  
  198  12:40  Roach x5  
  183  12:45  Roach x8  
  199  12:53  Roach x3  
  199  12:56  Roach x2  
  197  13:00  Roach x4  
  184  13:08  Roach x7  
  183  13:16  Roach x7  
  183  13:17  Overseer  
  179  13:22  Roach  
  175  13:28  Roach x2  
  179  13:38  Hydralisk x6  
  179  13:39  Lurker Den  
  179  13:40  Ravager  
  190  13:41  Ravager  
  190  13:42  Hatchery, Ravager  
  190  13:43  Hydralisk  
  190  13:44  Hydralisk x3  
  196  13:50  Hydralisk  
  196  13:51  Hydralisk x3  
  188  13:56  Roach  
  188  14:00  Roach  
  182  14:06  Roach x3  
  182  14:07  Roach x2  
Tags
 
Add a new tag
Caveats
  • Supply blocks, unpowered buildings, or Contaminate may cause inaccurate times.
  • Supply counts are checked every 10 seconds.